 Dungeon Crawl Stone Soup version 0.30-a0-1050-g2766ea1e55 (webtiles) character file.

Game seed: 3825667559303235930

210 MacCMillion the Shooter (level 5, -2/41 HPs)
             Began as a Demigod Hunter on Apr 11, 2023.
             Slain by an orc priest
             ... wielding a +0 flail
              (9 damage)
             ... on level 3 of the Dungeon.
             The game lasted 00:03:16 (2385 turns).

MacCMillion the Shooter (Demigod Hunter)            Turns: 2385, Time: 00:03:17

Health: -2/41      AC:  3    Str: 12    XL:     5   Next: 30%
Magic:  7/7        EV: 12    Int: 11    God:
Gold:   75         SH:  0    Dex: 21    Spells: 4/4 levels left

rFire   . . .      SeeInvis .    a - +0 shortbow
rCold   . . .      Faith    .    (shield currently unavailable)
rNeg    . . .      Spirit   .    c - +0 leather armour
rPois   .          Reflect  .    (no helmet)
rElec   .          Rampage  .    (no cloak)
rCorr   .                        (no gloves)
Will    .....                    (no boots)
Stlth   ++                       (no amulet)
HPRegen 0.26/turn                (no ring)
MPRegen 0.10/turn                (no ring)

@: no status effects
A: high MP 1, forlorn, divine attributes
a: no special abilities


You were on level 3 of the Dungeon.
You visited 1 branch of the dungeon, and saw 3 of its levels.

You collected 75 gold pieces.

Inventory:

Hand Weapons
 a - a +0 shortbow (weapon)
Armour
 c - a +0 leather armour (worn)
Wands
 n - a wand of digging (4)
 q - a wand of charming (10)
Scrolls
 b - 2 scrolls of immolation
 g - 2 scrolls of teleportation {unknown}
 h - a scroll of fear {unknown}
 i - 2 scrolls of noise {unknown}
 j - 7 scrolls of identify {unknown}
 l - a scroll of enchant armour {unknown}
 p - a scroll of torment {unknown}
 r - a scroll of poison {unknown}
Potions
 d - a potion of cancellation {unknown}
 e - a potion of curing
 f - 2 potions of mutation {unknown}
 k - a potion of degeneration {unknown}
 m - 2 potions of flight {unknown}
 o - a potion of brilliance {unknown}


   Skills:
 - Level 1.7 Fighting
 + Level 6.0 Ranged Weapons
 - Level 1.7 Dodging
 - Level 2.0 Stealth


You had 4 spell levels left.
You didn't know any spells.
Your spell library was empty.

Dungeon Overview and Level Annotations

Branches:
Dungeon (3/15)

Shops:
D:1 =


Innate Abilities, Weirdness & Mutations

You have an increased reservoir of magic. (+10% MP)
You shall have no god before yourself.
Your divine heritage dramatically boosts your attributes as you level up.


Message History

You are too injured to fight recklessly!
You are too injured to fight recklessly!
Fire: a) +0 shortbow
Press: ? - help, Q - select action, (/) - cycle Shift-Dir - straight line, f/p - orc priest
Aim: an orc priest, wielding a +0 flail and wearing a +0 leather armour (65% to hit)
You shoot an arrow. The arrow hits the orc priest!
The orc priest is heavily wounded.
The orc priest hits you with a +0 flail!
* * * LOW HITPOINT WARNING * * *
Fire: a) +0 shortbow
Press: ? - help, Q - select action, (/) - cycle Shift-Dir - straight line, f/p - orc priest
Aim: an orc priest, wielding a +0 flail and wearing a +0 leather armour (heavily wounded, 65% to hit)
You shoot an arrow. The arrow barely misses the orc priest.
The orc priest hits you with a +0 flail.
* * * LOW HITPOINT WARNING * * *
Fire: a) +0 shortbow
Press: ? - help, Q - select action, (/) - cycle Shift-Dir - straight line, f/p - orc priest
Aim: an orc priest, wielding a +0 flail and wearing a +0 leather armour (heavily wounded, 65% to hit)
You shoot an arrow.
The arrow closely misses the orc priest.
The orc priest closely misses you.
Fire: a) +0 shortbow
Press: ? - help, Q - select action, (/) - cycle Shift-Dir - straight line, f/p - orc priest
Aim: an orc priest, wielding a +0 flail and wearing a +0 leather armour (heavily wounded, 65% to hit)
You shoot an arrow. The arrow hits the orc priest.
The orc priest is severely wounded.
The orc priest looks satisfied for a moment.
Fire: a) +0 shortbow
Press: ? - help, Q - select action, (/) - cycle Shift-Dir - straight line, f/p - orc priest
Aim: an orc priest, wielding a +0 flail and wearing a +0 leather armour (severely wounded, 65% to hit)
You shoot an arrow. The arrow barely misses the orc priest.
The orc priest closely misses you.
The orc priest hits you with a +0 flail.
* * * LOW HITPOINT WARNING * * *
Fire: a) +0 shortbow
Press: ? - help, Q - select action, (/) - cycle Shift-Dir - straight line, f/p - orc priest
Aim: an orc priest, wielding a +0 flail and wearing a +0 leather armour (severely wounded, 65% to hit)
You shoot an arrow. The arrow barely misses the orc priest.
The orc priest hits you with a +0 flail!
You die...

#
####.########
#..!).....o.#
#.##.######@#
.. #.######
#o# #......#
o. ######.# o
#)# #.# .....
#)# #.... #.#
# .... ###.#


You could see an orc priest.

Vanquished Creatures
  Terence (D:3)
  2 orc wizards (D:3)
  Ijyb (D:3)
  Robin (D:2)
  4 adders
  2 worms
  4 orcs (D:3)
  6 ball pythons
  An endoplasm (D:1)
  2 giant cockroaches (D:1)
  9 goblins
  8 hobgoblins
  3 jackals (D:3)
  A quokka (D:2)
  2 bats (D:3)
  2 frilled lizards (D:2)
  2 kobolds (D:1)
  6 rats
57 creatures vanquished.

Notes
Turn   | Place    | Note
-------+----------+-------------------------------------------
     0 | D:1      | MacCMillion the Demigod Hunter began the quest for the Orb.
     0 | D:1      | Reached XP level 1. HP: 17/17 MP: 3/3
    61 | D:1      | Reached skill level 1 in Stealth
   348 | D:1      | Found Luowisk's Jewellery Shoppe.
   416 | D:1      | Reached XP level 2. HP: 24/24 MP: 4/4
   570 | D:2      | Reached skill level 4 in Ranged Weapons
   608 | D:2      | Reached XP level 3. HP: 5/29 MP: 5/5
  1021 | D:2      | Noticed Robin
  1119 | D:2      | Killed Robin
  1786 | D:3      | Reached XP level 4. HP: 36/36 MP: 6/6
  1795 | D:3      | Reached skill level 5 in Ranged Weapons
  1875 | D:3      | Noticed Ijyb
  1879 | D:3      | Killed Ijyb
  2076 | D:3      | Noticed Terence
  2225 | D:3      | Killed Terence
  2226 | D:3      | Reached XP level 5. HP: 41/41 MP: 7/7
  2361 | D:3      | Reached skill level 6 in Ranged Weapons
  2385 | D:3      | Slain by an orc priest

Illustrated notes

Levels and vault maps discovered:
D:1:      dpeg_arrival_round_a, layout_basic, serial_shops, shop
D:2:      layout_basic, nicolae_half_adder, uniq_robin
D:3:      layout_loops_cross, serial_shops, nicolae_shop_window_shopping,
          reono_crystal_passage, minmay_randomly_rotated_circles, uniq_natasha,
          uniq_ijyb, uniq_terence

Skill      XL: |  1  2  3  4  5 |
---------------+----------------+-----
Stealth        | 1 2 |  2.0
Ranged Weapons | 4 5 6 |  6.0
Fighting       | |  1.7
Dodging        | |  1.7

Action                     |  1- 3 |  4- 6 || total
---------------------------+-------+-------++-------
   Fire: Shortbow          |   106 |    82 ||   188
    Use: Potion            |     1 |       ||     1
 Armour: Leather armour    |     6 |     8 ||    14
  Dodge: Dodged            |    23 |    19 ||    42

Table legend: (Time is in decaauts)
 A = Elapsed time spent in this place.
 B = Non-inter-level travel time spent in this place.
 C = Inter-level travel time spent in this place.
 D = Time resting spent in this place.
 E = Time spent auto-exploring this place.
 F = Levels seen in this place.
 G = Mean time per level.
                   A        B        C        D        E       F      G
               +--------+--------+--------+--------+--------+-----+--------+
         Total |   2441 |   2398 |     43 |    443 |   1564 |   3 |  813.7 |
       Dungeon |   2441 |   2398 |     43 |    443 |   1564 |   3 |  813.7 |
               +--------+--------+--------+--------+--------+-----+--------+

Top non-repeatable levels by time:
     D:2: 1367 daAuts
     D:1: 566 daAuts
     D:3: 507 daAuts
